 Dungeon Crawl Stone Soup version 0.19.1 (webtiles) character file.

2868 Kit the Blocker (level 9, -14/81 HPs)
             Began as a Minotaur Fighter on Dec 8, 2016.
             Was a Follower of Makhleb.
             Demolished by a cyan ugly thing (16 damage)
             ... on level 8 of the Dungeon.
             The game lasted 00:16:07 (6339 turns).

Kit the Blocker (Minotaur Fighter)                  Turns: 6339, Time: 00:16:08

Health: -14/81     AC: 10    Str: 24    XL:     9   Next: 47%
Magic:  8/8        EV: 13    Int:  8    God:    Makhleb [*.....]
Gold:   441        SH: 16    Dex: 10    Spells: 0 memorised, 8 levels left

rFire  + . .     SeeInvis .     z - +10 mace "Muumuj" {freeze, rPois rN++}
rCold  . . .     Gourm    .     l - +3 leather armour {rF+}
rNeg   + + .     Faith    .     c - +0 shield
rPois  +         Spirit   .     (helmet restricted)
rElec  .         Reflect  +     (no cloak)
rCorr  .         Harm     .     y - +2 pair of gloves
MR     .....                    (no boots)
Stlth  +.........               x - +5 amulet of reflection
                                b - +3 ring of intelligence
                                s - ring of poison resistance

@: no status effects
A: retaliatory headbutt, horns 2
a: Renounce Religion


You were on level 8 of the Dungeon.
You worshipped Makhleb.
Makhleb was aware of your devotion.
You were not hungry.

You visited 1 branch of the dungeon, and saw 8 of its levels.

You collected 441 gold pieces.

Inventory:

Hand Weapons
 z - the +10 mace "Muumuj" (weapon) {freeze, rPois rN++}
   (You found it on level 5 of the Dungeon)

   It has been specially enchanted to freeze those struck by it, causing extra
   injury to most foes and up to half again as much damage against particularly
   susceptible opponents.
   It can also slow down cold-blooded creatures.
   It protects you from poison.
   It greatly protects you from negative energy.
Armour
 c - a +0 shield (worn)
 l - a +3 leather armour of fire resistance (worn)
 w - a +2 leather armour of positive energy
 y - a +2 pair of gloves (worn)
Jewellery
 b - a +3 ring of intelligence (right hand)
 s - a ring of poison resistance (left hand)
 x - a +5 amulet of reflection (around neck)
Wands
 m - a wand of flame (32/48)
 E - a wand of acid (9/15)
 F - a wand of paralysis (11/24)
 G - a wand of digging (5/24)
 K - a wand of flame (26/48)
Scrolls
 e - 3 scrolls of teleportation {unknown}
 g - 5 scrolls of remove curse {unknown}
 j - 2 scrolls of random uselessness {unknown}
 k - 2 scrolls of amnesia {unknown}
 r - 3 scrolls of fear {unknown}
 A - 2 scrolls of blinking {unknown}
 C - 2 scrolls of immolation {unknown}
 I - 2 scrolls of identify
Potions
 d - a potion of might
 h - 2 potions of brilliance
 i - 3 potions of agility
 p - 4 potions of heal wounds
 q - 2 potions of curing
 t - a potion of flight {unknown}
 u - 3 potions of magic
 v - 3 potions of cure mutation
 H - a potion of haste {unknown}
Comestibles
 a - 2 beef jerkies
 f - 3 bread rations
 n - a meat ration
 o - a slice of pizza
 B - a royal jelly
 D - 6 fruits
 J - 2 chunks of flesh


   Skills:
 + Level 7.8 Fighting
   Level 5.0(6.0) Axes
 + Level 5.1(6.1) Maces & Flails
 + Level 7.8 Armour
 + Level 6.1 Dodging
 + Level 8.3 Shields


You had 8 spell levels left.
You didn't know any spells.

Dungeon Overview and Level Annotations

Branches:
Dungeon (8/15)             Temple (0/1) D:6
   Lair: D:8-11

Altars:
Ashenzari
Cheibriados
Makhleb
Ru


Innate Abilities, Weirdness & Mutations

You reflexively headbutt those who attack you in melee.
You have a pair of horns on your head.


Message History

You headbutt the cyan ugly thing!
The cyan ugly thing is severely wounded.
You block the cyan ugly thing's attack.
You sock the iguana! You freeze the iguana.
You kill the iguana!
Makhleb accepts your kill.
You sock the cyan ugly thing! You freeze the cyan ugly thing.
Your headbutt misses the cyan ugly thing.
The cyan ugly thing is severely wounded.
The cyan ugly thing stings you but does no damage.
You barely miss the cyan ugly thing.
The cyan ugly thing is severely wounded.
The cyan ugly thing stings you. The cyan ugly thing shocks you!
* * * LOW HITPOINT WARNING * * *
The cyan ugly thing stings you but does no damage.
There is an open door here.
The cyan ugly thing stings you!
* * * LOW HITPOINT WARNING * * *
The cyan ugly thing shocks you!
You die...

.......#.........#.........#
########.........#.........#
#.........#.........#
#.........#.........#
####.........#...†..#..#
.............######....#
########'#.....#....#..#
#u#.###.#.......# #@#.#
#^#.#.#...##
#.#.###.#...#.....
#.#.....#<....#.##
#.#..####.#####... #.#..#
#[# #### #.#..####)#
#.#....##)# #.##.#.##.#
#....#.##.#


You could see a cyan ugly thing.

Vanquished Creatures
  The ghost of Scuka the Caller, a novice DrSu (D:7)
  A hippogriff (D:7)
  A two-headed ogre (D:8)
  The ghost of Quirk the Shield-Bearer, an amateur GrFi (D:3)
  Duvessa (D:5)
  An orc warrior (D:7)
  2 ice beasts
  A phantom (D:7)
  A necrophage (D:6)
  2 ogres
  5 bullfrogs
  Dowan (D:5)
  A scorpion (D:4)
  2 crimson imps
  2 jellies
  5 hounds
  4 orc priests
  3 orc wizards
  A bullfrog skeleton (D:7)
  2 iguanas (D:8)
  3 worker ants
  4 gnolls (D:5)
  2 adders
  4 shadow imps
  2 oozes
  An adder skeleton (D:7)
  6 worms
  2 dart slugs
  5 leopard geckos
  24 orcs
  4 ball pythons
  7 bats
  9 giant cockroaches
  16 goblins
  12 hobgoblins
  9 jackals
  4 quokkas
  8 frilled lizards
  6 kobolds
  A quokka skeleton (D:6)
  A quokka zombie (D:7)
  11 rats
179 creatures vanquished.

Notes
Turn   | Place    | Note
-------+----------+-------------------------------------------
     0 | D:1      | Kit the Minotaur Fighter began the quest for the Orb.
     0 | D:1      | Reached XP level 1. HP: 19/19 MP: 0/0
   303 | D:1      | Reached XP level 2. HP: 26/27 MP: 1/1
   437 | D:1      | Reached skill level 4 in Shields
   441 | D:1      | Reached skill level 1 in Dodging
   445 | D:1      | Reached XP level 3. HP: 32/33 MP: 2/2
  1384 | D:2      | Reached XP level 4. HP: 31/40 MP: 3/3
  1828 | D:3      | Noticed Quirk's ghost (amateur GrFi)
  2667 | D:3      | Reached XP level 5. HP: 47/47 MP: 4/4
  2777 | D:3      | Killed Quirk's ghost
  2777 | D:3      | Reached XP level 6. HP: 25/55 MP: 5/5
  2970 | D:4      | Reached skill level 5 in Shields
  3062 | D:4      | Reached skill level 5 in Fighting
  3197 | D:4      | Found a sacrificial altar of Ru.
  3464 | D:4      | Reached skill level 5 in Armour
  3757 | D:4      | Reached XP level 7. HP: 51/61 MP: 6/6
  3893 | D:5      | Entered Level 5 of the Dungeon
  4135 | D:5      | Found a shattered altar of Ashenzari.
  4226 | D:5      | Reached skill level 5 in Axes
  4250 | D:5      | Got a pitted mace
  4251 | D:5      | Identified the +10 mace "Muumuj" {freeze, rPois rN++} (You found it on level 5 of the Dungeon)
  4303 | D:5      | Found a burning altar of Makhleb.
  4303 | D:5      | Noticed Duvessa
  4305 | D:5      | Noticed Dowan
  4309 | D:5      | Killed Duvessa
  4309 | D:5      | Reached skill level 1 in Maces & Flails
  4309 | D:5      | Reached skill level 6 in Shields
  4313 | D:5      | Killed Dowan
  4324 | D:5      | Became a worshipper of Makhleb the Destroyer
  4718 | D:6      | Reached XP level 8. HP: 70/70 MP: 7/7
  4858 | D:6      | Found a staircase to the Ecumenical Temple.
  4937 | D:6      | Reached skill level 5 in Dodging
  5020 | D:6      | Reached skill level 7 in Shields
  5424 | D:7      | Reached * piety under Makhleb
  5449 | D:7      | Noticed Scuka's ghost (novice DrSu)
  5461 | D:7      | Killed Scuka's ghost
  5539 | D:7      | Found a snail-covered altar of Cheibriados.
  5641 | D:7      | Reached XP level 9. HP: 40/79 MP: 8/8
  5763 | D:7      | Reached skill level 8 in Shields
  6280 | D:8      | Reached skill level 5 in Maces & Flails
  6320 | D:8      | Noticed a cyan ugly thing
  6339 | D:8      | HP: 2/81 [cyan ugly thing (8)]
  6339 | D:8      | Demolished by a cyan ugly thing

Skill      XL: |  1  2  3  4  5  6  7  8  9 |
---------------+----------------------------+-----
Armour         | 4 5 7 |  7.8
Shields        | 4 5 6 7 8 |  8.3
Dodging        | 1 2 3 4 5 6 |  6.1
Fighting       | 4 5 6 7 |  7.8
Axes           | 3 4 5 |  5.0
Maces & Flails | 1 3 5 |  5.1

Action                   |  1- 3 |  4- 6 |  7- 9 || total
-------------------------+-------+-------+-------++-------
Melee: War axe           |   118 |   170 |       ||   288
       Headbutt          |    14 |    35 |    31 ||    80
       Hand axe          |       |    22 |    36 ||    58
       Mace              |       |       |   137 ||   137
  Use: Scroll            |       |     5 |     3 ||     8
 Stab: Paralysed         |       |     2 |       ||     2
  Eat: Chunk             |     1 |     7 |     8 ||    16
       Pizza             |       |     1 |       ||     1
       Fruit             |       |       |     1 ||     1
Armor: Scale mail        |    68 |    43 |     3 ||   114
       Leather armour    |       |       |    23 ||    23
Dodge: Dodged            |    40 |    47 |    34 ||   121
Block: Shield            |    68 |   142 |   117 ||   327
       Reflection        |       |     1 |     1 ||     2
